 Dungeon Crawl Stone Soup version 0.20.0-6-gd3061e9 (webtiles) character file.

5267 Hasart the Destroyer (level 10, 0/83 HPs)
             Began as a Grey Draconian Conjurer on May 29, 2017.
             Was a Believer of Sif Muna.
             Slain by a wolf (1 damage)
             ... on level 9 of the Dungeon.
             The game lasted 00:32:47 (10124 turns).

Hasart the Destroyer (Grey Draconian Conjurer)     Turns: 10124, Time: 00:32:48

Health: 0/83       AC: 16    Str: 10    XL:     10   Next: 36%
Magic:  1/28       EV: 14    Int: 19    God:    Sif Muna [**....]
Gold:   167        SH:  2    Dex: 12    Spells: 11/22 levels left

rFire    . . .     SeeInvis .   s - +2 flail (holy)
rCold    . . .     Gourm    .   (no shield)
rNeg     . . .     Faith    .   (armour unavailable)
rPois    .         Spirit   .   (helmet restricted)
rElec    .         Reflect  +   A - +1 cloak
rCorr    .         Harm     .   u - +0 pair of gloves
MR       .....                  n - +0 pair of boots
Stlth    ++........             q - +2 amulet of reflection
Regen    0.3/turn               v - ring of magical power
MPRegen  0.3/turn               (no ring)

@: drained
A: walk through water, unfitting armour, unbreathing, cold-blooded, AC +12
a: Divine Energy, Renounce Religion


You were on level 9 of the Dungeon.
You worshipped Sif Muna.
Sif Muna was pleased with you.
You were not hungry.

You visited 2 branches of the dungeon, and saw 10 of its levels.

You collected 363 gold pieces.
You spent 196 gold pieces at shops.

Inventory:

Hand Weapons
 s - a +2 flail of holy wrath (weapon)
Armour
 n - a +0 pair of boots (worn)
 u - a +0 pair of gloves (worn)
 x - a +0 shield
 A - a +1 cloak (worn)
Jewellery
 j - an uncursed ring of fire
 l - an uncursed ring of ice
 q - a +2 amulet of reflection (around neck)
 v - a ring of magical power (left hand)
 D - an uncursed ring of protection from magic {unknown}
Wands
 B - a wand of random effects (38/48)
Scrolls
 e - 4 scrolls of teleportation
 h - 2 scrolls of remove curse
 i - 2 scrolls of magic mapping
 m - 7 scrolls of identify
 t - a scroll of amnesia {unknown}
 y - a scroll of enchant weapon {unknown}
 z - a scroll of noise {unknown}
 H - a scroll of immolation {unknown}
Potions
 d - 6 potions of curing
 k - 2 potions of mutation {unknown}
 o - a potion of resistance
 p - 2 potions of might {unknown}
 w - a potion of flight {unknown}
 C - a potion of ambrosia {unknown}
 E - a potion of magic {unknown}
Books
 a - a book of Conjurations

   Spells                             Type                      Level
   a - Magic Dart                     Conjuration                  1
   b - Searing Ray                    Conjuration                  2
   c - Dazzling Spray                 Conjuration/Hexes            3
   d - Fulminant Prism                Conjuration/Hexes            4
   e - Force Lance                    Conjuration/Translocation    4
   f - Iskenderun's Mystic Blast      Conjuration                  4
 c - a book of Misfortune

   Spells                             Type                      Level
   a - Confusing Touch                Hexes                        1
   b - Confuse                        Hexes                        3
   c - Gell's Gravitas                Translocation                3
   d - Petrify                        Transmutation/Earth          4
   e - Metabolic Englaciation         Hexes/Ice                    5
   f - Yara's Violent Unravelling     Hexes/Transmutation          5
Comestibles
 b - 9 bread rations
 f - 7 royal jellies
 g - 2 meat rations
 r - 5 fruits
 F - a chunk of flesh


   Skills:
 + Level 6.1(5.5) Fighting
 - Level 6.1(5.6) Dodging
 - Level 1.7(1.2) Stealth
 + Level 3.0(2.5) Shields
 + Level 6.6(6.0) Spellcasting
 * Level 10.6(10.0) Conjurations
 + Level 1.7(1.2) Earth Magic
 + Level 1.5(1.0) Invocations


You had 11 spell levels left.
You knew the following spells:

 Your Spells              Type           Power        Failure   Level  Hunger
a - Magic Dart            Conj           ####         1%          1    None
b - Searing Ray           Conj           #####.       1%          2    None
c - Iskenderun's Mystic   Conj           #####...     1%          4    ####...
d - Petrify               Tmut/Erth      #.......     65%         4    ####...


Dungeon Overview and Level Annotations

Branches:
Dungeon (9/15)             Temple (1/1) D:4
   Lair: D:8-11         Orc: D:9-12

Altars:
Ashenzari
Cheibriados
Dithmenos
Elyvilon
Fedhas
Gozag
Hepliaklqana
Kikubaaqudgha
Makhleb
Nemelex Xobeh
Okawaru
Qazlal
Ru
Sif Muna
Trog
Uskayaw
Vehumet
Xom
Yredelemnul
Zin
The Shining One

Shops:
D:8 ?

Annotations:
D:5 Korbac's ghost, novice MiFi
D:8 Joseph


Innate Abilities, Weirdness & Mutations

You can walk through water.
Your dull iron-grey scales are very hard. (AC +12)
You cannot fit into any form of body armour.
You can survive without breathing.
You are cold-blooded and may be slowed by cold attacks.


Message History

Aim: a wolf (heavily wounded)
The magic dart hits the wolf.
The wolf is heavily wounded.
You block the wolf's attack. The wolf closely misses you.
Casting: Magic Dart
Confirm with . or Enter, or press ? or * to list all spells.
Aiming: Magic Dart
Press: ? - help, Shift-Dir - straight line, f/p - wolf
Aim: a wolf (heavily wounded)
The magic dart hits the wolf.
The wolf is severely wounded.
The wolf bites you!
* * * LOW HITPOINT WARNING * * *
The wolf misses you.
You hit the wolf.
The wolf is severely wounded.
The wolf bites you.
* * * LOW HITPOINT WARNING * * *
The wolf bites you.
You die...

##..# ###..##
##....# #.....##
##.....##
####..)####
###))..### ###÷<..#
##@..# ##h.# #...# .
##.5## ≈≈Y
########...####..≈..
............)[)..≈..
..........####).≈≈.∩
.########## .≈...
≈≈..


You could see a wolf and a white imp.

Vanquished Creatures
  Maurice (D:8)
  Prince Ribbit (D:7)
  2 hippogriffs
  5 yaks
  A human (D:7)
  4 hogs (D:7)
  Edmund (D:5)
  3 orc warriors
  3 phantoms
  An ice beast (D:5)
  5 bullfrogs
  2 gnoll sergeants (D:6)
  4 scorpions
  3 killer bees (D:7)
  5 wights (D:6)
  2 howler monkeys (D:4)
  4 crimson imps
  A hound (D:6)
  A bullfrog zombie (D:7)
  A gnoll shaman (D:3)
  3 jellies
  3 orc priests
  7 orc wizards
  An iguana (D:4)
  3 worker ants
  Terence (D:2)
  A bullfrog simulacrum (D:9)
  2 hound skeletons
  A hound zombie (D:8)
  Robin (D:2)
  13 gnolls
  10 adders
  A hound simulacrum (D:9)
  A shadow imp (D:6)
  2 oozes
  An adder zombie (D:9)
  4 adder skeletons
  6 worms
  A dart slug (D:1)
  A leopard gecko (D:3)
  22 orcs
  7 giant cockroaches
  11 goblins
  11 hobgoblins
  11 jackals (D:3)
  A quokka (D:5)
  2 ball pythons
  7 bats
  5 frilled lizards
  A jackal skeleton (D:5)
  9 kobolds
  7 rats
207 creatures vanquished.

Vanquished Creatures (others)
  7 plants (D:6)
7 creatures vanquished.

Grand Total: 214 creatures vanquished

Notes
Turn   | Place    | Note
-------+----------+-------------------------------------------
     0 | D:1      | Hasart the Draconian Conjurer began the quest for the Orb.
     0 | D:1      | Reached XP level 1. HP: 14/14 MP: 3/3
   245 | D:1      | Reached XP level 2. HP: 18/20 MP: 0/5
   768 | D:1      | Learned a level 2 spell: Searing Ray
  1095 | D:2      | Noticed Terence
  1109 | D:2      | Noticed Robin
  1118 | D:2      | Killed Terence
  1118 | D:2      | Reached XP level 3. HP: 4/26 MP: 1/6
  1618 | D:2      | Reached XP level 4. HP: 33/33 MP: 1/7
  1744 | D:2      | Reached skill level 5 in Conjurations
  1869 | D:2      | Killed Robin
  2471 | D:3      | Reached XP level 5. HP: 24/38 MP: 1/9
  3278 | D:3      | Reached skill level 6 in Conjurations
  3413 | D:3      | Reached XP level 6. HP: 22/45 MP: 8/10
  4323 | D:4      | Found a staircase to the Ecumenical Temple.
  4352 | Temple   | Entered the Ecumenical Temple
  4560 | Temple   | Became a worshipper of Sif Muna the Loreminder
  4971 | D:4      | Your scales start taking on a dull iron-grey colour.
  4971 | D:4      | Reached XP level 7. HP: 42/51 MP: 2/12
  4971 | D:4      | Gained mutation: You can survive without breathing. [Grey Draconian growth]
  5064 | D:4      | Reached skill level 1 in Fighting
  5208 | D:4      | Learned a level 4 spell: Iskenderun's Mystic Blast
  5502 | D:4      | Reached skill level 7 in Conjurations
  5770 | D:5      | Entered Level 5 of the Dungeon
  5889 | D:5      | Noticed Edmund
  5923 | D:5      | Noticed Korbac's ghost (novice MiFi)
  5936 | D:5      | Killed Edmund
  6564 | D:6      | Noticed a yak
  6564 | D:6      | Noticed a yak
  6569 | D:6      | Noticed a yak
  6575 | D:6      | Killed a yak
  6575 | D:6      | Reached XP level 8. HP: 62/62 MP: 5/14
  6583 | D:6      | Reached * piety under Sif Muna
  6583 | D:6      | Reached skill level 8 in Conjurations
  6982 | D:6      | Reached skill level 5 in Spellcasting
  7277 | D:6      | Reached skill level 5 in Dodging
  7575 | D:6      | Reached XP level 9. HP: 69/71 MP: 5/16
  7777 | D:7      | Reached skill level 9 in Conjurations
  7964 | D:7      | Reached ** piety under Sif Muna
  7965 | D:7      | Reached skill level 5 in Fighting
  8393 | D:7      | Reached skill level 1 in Shields
  8401 | D:7      | Reached skill level 10 in Conjurations
  8788 | D:8      | Noticed Prince Ribbit
  8885 | D:7      | Killed Prince Ribbit
  9110 | D:8      | Noticed Maurice
  9203 | D:8      | Killed Maurice
  9203 | D:8      | Reached XP level 10. HP: 83/83 MP: 12/19
  9376 | D:8      | Learned a level 4 spell: Petrify
  9422 | D:8      | Found Yzxiet's Magic Scroll Emporium.
  9431 | D:8      | Bought a scroll of teleportation for 42 gold pieces
  9431 | D:8      | Bought a scroll of magic mapping for 49 gold pieces
  9431 | D:8      | Bought a scroll of blinking for 105 gold pieces
  9491 | D:8      | Noticed Joseph
  9931 | D:9      | Reached skill level 1 in Invocations
  9940 | D:9      | Reached skill level 1 in Earth Magic
 10124 | D:9      | HP: 1/83 [wolf (4)]
 10124 | D:9      | Slain by a wolf

Skill      XL: |  1  2  3  4  5  6  7  8  9 10 |
---------------+-------------------------------+-----
Dodging        | 2 3 4 5 6 |  6.1
Conjurations   | 5 6 7 8 10 | 10.6
Spellcasting   | 3 4 5 6 |  6.6
Fighting       | 2 4 5 6 |  6.1
Shields        | 2 3 |  3.0
Invocations    | 1 |  1.5
Earth Magic    | 1 |  1.7
Stealth        | |  1.7

Action                   |  1- 3 |  4- 6 |  7- 9 | 10-12 || total
-------------------------+-------+-------+-------+-------++-------
Melee: Unarmed           |    12 |       |       |       ||    12
       Club              |    24 |     5 |       |       ||    29
       Tailslap          |     2 |     6 |     5 |     1 ||    14
       Spear             |       |   183 |    32 |       ||   215
       Flail             |       |       |    59 |    11 ||    70
 Cast: Magic Dart        |    50 |    80 |   145 |    60 ||   335
       Searing Ray       |     1 |     8 |    30 |    11 ||    50
       Iskenderun's Myst |       |       |     8 |     1 ||     9
  Use: Potion            |     2 |     1 |       |       ||     3
       Scroll            |     2 |       |       |     2 ||     4
 Stab: Sleeping          |     1 |     4 |     1 |       ||     6
  Eat: Chunk             |     3 |    11 |    10 |     4 ||    28
       Royal jelly       |       |       |     2 |       ||     2
Armor: Skin              |    20 |    74 |    84 |    38 ||   216
Dodge: Dodged            |    43 |   172 |   159 |    57 ||   431
Block: Other             |       |       |     6 |     7 ||    13
